 Dungeon Crawl Stone Soup version 0.17.1-2-g5865329 (webtiles) character file.

86 Charly the Grave Robber (level 4, -1/27 HPs)
             Began as an Octopode Necromancer on Feb 15, 2016.
             Slain by a giant frog skeleton (6 damage)
             ... on level 5 of the Dungeon.
             The game lasted 00:09:18 (868 turns).

Charly the Grave Robber (Octopode Necromancer)       Turns: 868, Time: 00:09:18

Health: -1/27      AC:  1    Str:  7    XL:     4   Next: 50%
Magic:  1/7        EV: 12    Int: 17    God:
Gold:   95         SH:  0    Dex: 13    Spells: 3 memorised, 2 levels left

rFire  . . .     SeeInvis .     i - +3 dagger (venom)
rCold  . . .     Clarity  .     (no shield)
rNeg   . . .     SustAt   .     (helmet restricted)
rPois  .         Gourm    .     (no amulet)
rElec  .         Spirit   .     (no ring)
rCorr  .         Warding  .     (no ring)
rMut   .         Stasis   .     (no ring)
MR     .....                    (no ring)
Stlth  +++.......               (no ring)
                                (no ring)
                                (no ring)
                                (no ring)

@: very slightly contaminated, not resistant to hostile enchantments, fairly
stealthy
A: almost no armour, amphibious, 8 rings, constrict 8, camouflage 1, gelatinous
body 1
a: no special abilities


You were on level 5 of the Dungeon.
You were not hungry.

You visited 1 branch of the dungeon, and saw 5 of its levels.

You collected 95 gold pieces.

Inventory:

Hand Weapons
 d - a +2 hand axe of venom
 i - a +3 dagger of venom (weapon)
Armour
 m - a +0 buckler
Scrolls
 c - 3 scrolls of remove curse
 g - 2 scrolls of fear
Potions
 e - 3 potions of curing
 l - a potion of cure mutation {unknown}
 n - a potion of might {unknown}
Books
 a - a book of Necromancy

   Spells                             Type                      Level
   a - Pain                           Necromancy                   1
   b - Animate Skeleton               Necromancy                   1
   c - Vampiric Draining              Necromancy                   3
   d - Regeneration                   Charms/Necromancy            3
   e - Animate Dead                   Necromancy                   4
   f - Control Undead                 Necromancy                   4
Comestibles
 b - 3 bread rations


   Skills:
 - Level 2.0 Dodging
 - Level 2.6 Stealth
 * Level 3.5 Unarmed Combat
 - Level 2.0 Spellcasting
 + Level 1.4 Charms
 - Level 4.0 Necromancy


You had 2 spell levels left.
You knew the following spells:

 Your Spells              Type           Power        Failure   Level  Hunger
a - Animate Skeleton      Necr           N/A          3%          1    #......
p - Pain                  Necr           ###.         3%          1    #......
r - Regeneration          Chrm/Necr      ##........   21%         3    ###....


Dungeon Overview and Level Annotations

Branches:
Dungeon (5/15)
 Temple: D:4-7

Altars:
Gozag
Nemelex Xobeh
Okawaru
Zin

Annotations:
D:4 Natasha


Innate Abilities, Weirdness & Mutations

You cannot wear most types of armour.
You are amphibious.
You can wear up to eight rings at the same time.
You can use your tentacles to constrict eight enemies at once.
Your skin changes colour to match your surroundings (Stealth).
Your rubbery body absorbs attacks (AC +1).


Message History

You miscast Regeneration.
You are very lightly contaminated with residual magic.
Nothing appears to happen.
Casting: Regeneration
Confirm with . or Enter, or press ? or * to list all spells.
You miscast Regeneration.
Your tentacles glow momentarily.
The giant frog skeleton barely misses you.
You hit the giant frog skeleton. You grab the giant frog skeleton.
You constrict the giant frog skeleton.
The giant frog skeleton barely misses you.
You hit the giant frog skeleton. You constrict the giant frog skeleton.
The giant frog skeleton hits you.
You hit the giant frog skeleton. You constrict the giant frog skeleton.
The giant frog skeleton misses you. The giant frog skeleton hits you.
You hit the giant frog skeleton. You constrict the giant frog skeleton.
The giant frog skeleton hits you.
* * * LOW HITPOINT WARNING * * *
You hit the giant frog skeleton. You constrict the giant frog skeleton.
The giant frog skeleton hits you.
You die...

.# #..#.###. ##........
.......... #.....#.# .
#....#.# #.#....#Z#
.......#@# ...
.........'.........
........##.........
..#.....# .........
#########.....######.....
.##......##................
.#........#..............#
.#...≈....#.......#†##.....
.#...≈≈≈..#...##..#†# ....


You could see a giant frog skeleton.

Vanquished Creatures
  An iguana (D:5)
  2 adders
  2 worms (D:3)
  3 giant geckos
  6 bats
  4 giant cockroaches
  2 goblins
  3 hobgoblins
  A ball python (D:2)
  A giant newt (D:3)
  4 kobolds
  A quokka skeleton (D:5)
  4 rats
34 creatures vanquished.

Notes
Turn   | Place    | Note
--------------------------------------------------------------
     0 | D:1      | Charly the Octopode Necromancer began the quest for the Orb.
     0 | D:1      | Reached XP level 1. HP: 11/11 MP: 3/3
    69 | D:1      | Reached skill level 1 in Unarmed Combat
   152 | D:1      | Reached XP level 2. HP: 6/17 MP: 5/5
   289 | D:2      | Found an opulent altar of Gozag.
   423 | D:2      | Found a glowing silver altar of Zin.
   444 | D:2      | Reached XP level 3. HP: 13/21 MP: 0/6
   449 | D:2      | Learned a level 3 spell: Regeneration
   451 | D:2      | Learned a level 1 spell: Animate Skeleton
   484 | D:2      | Found a sparkling altar of Nemelex Xobeh.
   594 | D:3      | Found an iron altar of Okawaru.
   778 | D:2      | Reached skill level 1 in Charms
   806 | D:4      | Noticed Natasha
   809 | D:5      | Entered Level 5 of the Dungeon
   849 | D:5      | Reached XP level 4. HP: 15/27 MP: 7/7
   868 | D:5      | Slain by a giant frog skeleton

Action                   |  1- 3 |  4- 6 || total
-------------------------+-------+-------++-------
Melee: Hand axe          |    11 |       ||    11
       Unarmed           |     2 |       ||     2
       Dagger            |    34 |     6 ||    40
 Cast: Pain              |    19 |     1 ||    20
  Use: Scroll            |     6 |     1 ||     7
 Stab: Sleeping          |     8 |       ||     8
  Eat: Pizza             |     1 |       ||     1
